Map: King's Cove LE

Players

Zest

  • Race: Protoss Protoss
  • Spawn Location: 11:00

soO - Winner!

  • Race: Zerg Zerg
  • Spawn Location: 5:00

Event: IEM Season 13: Katowice (2019)

VOD

Have the link to the VOD?

Description

Time

  • Played on: March 2, 2019, 6:47 a.m.
  • Length: 8:02

All games in this series

Show
View Real Time Build Order
Export as new Build Order

Zest Protoss 

Build Orders: 1 Gate Expand, Oracle Opening, Zealot Archon, Archon Drop 

Get SALT Encoding   

  12  0:00  Probe  
  13  0:12  Probe  
  14  0:18  Pylon  
  14  0:24  Probe  
  15  0:32  Probe  
  15  0:38  Gateway  
  15  0:40  Probe  
  16  0:48  Assimilator  
  17  0:51  Probe  
  18  1:03  Probe  
  19  1:15  Probe  
  20  1:27  Nexus  
  20  1:37  Cybernetics Core  
  20  1:40  Probe  
  20  1:45  Assimilator  
  21  1:52  Probe  
  22  1:56  Pylon  
  22  2:04  Adept, Probe  
  25  2:16  Stargate  
  25  2:20  Probe  
  26  2:25  Warp Gate  
  26  2:26  Stalker  
  26  2:32  Probe  
  29  2:39  Probe  
  31  2:44  Probe  
  31  2:51  Probe, Oracle  
  31  2:56  Probe  
  33  3:03  Probe  
  37  3:08  Probe  
  38  3:14  Pylon  
  38  3:15  Probe  
  39  3:20  Probe  
  39  3:21  Oracle  
  40  3:28  Probe  
  40  3:32  Probe  
  40  3:34  Assimilator  
  45  3:35  Assimilator  
  45  3:39  Gateway  
  45  3:40  Probe  
  46  3:46  Probe  
  47  3:48  Robotics Facility  
  47  3:49  Probe  
  48  3:57  Probe  
  48  3:58  Probe  
  50  4:05  Pylon  
  50  4:06  Probe  
  50  4:07  Twilight Council  
  51  4:10  Probe  
  52  4:18  Probe  
  52  4:22  Gateway  
  52  4:23  Probe  
  54  4:26  Gateway, Warp Prism  
  56  4:40  Pylon  
  56  4:46  Templar Archives  
  56  4:50  Pylon  
  56  4:51  Zealot x2  
  60  5:04  Probe  
  61  5:08  Nexus, Observer  
  61  5:13  Pylon  
  62  5:23  High Templar  
  62  5:24  Immortal, High Templar x3  
  70  5:28  Archon x2  
  70  5:30  Pylon  
  70  5:32  Pylon  
  74  5:40  Forge  
  74  5:41  Probe  
  75  5:54  Immortal  
  75  5:59  Probe x2  
  75  6:02  Charge  
  81  6:14  Gateway x2  
  81  6:16  Psionic Storm  
  81  6:18  Gateway  
  81  6:20  Gateway  
  81  6:24  Shield Battery  
  81  6:28  Probe x3  
  84  6:40  Probe x2  
  84  6:45  Pylon  
  84  6:46  Pylon  
  86  6:47  High Templar x2  
  86  6:50  Probe  
  86  6:52  Probe x2  
  93  6:56  Assimilator  
  93  7:03  Probe  
  93  7:04  Probe  
  95  7:12  Zealot x5  
  101  7:28  Zealot x3  
  81  7:41  Zealot x5  
  64  7:49  Zealot x3  
Show
View Real Time Build Order
Export as new Build Order

soO Zerg - Winner!

Build Orders: Hatch First 

Get SALT Encoding   

  12  0:00  Drone  
  13  0:12  Overlord  
  13  0:17  Drone  
  14  0:30  Drone x2  
  14  0:34  Drone  
  17  0:52  Hatchery  
  17  0:54  Drone  
  17  0:58  Drone  
  18  1:08  Extractor  
  17  1:12  Spawning Pool  
  17  1:16  Drone  
  17  1:20  Drone  
  18  1:29  Drone  
  19  1:39  Drone  
  20  1:48  Hatchery  
  20  1:50  Drone  
  20  2:01  Drone  
  20  2:05  Queen  
  23  2:09  Drone  
  23  2:13  Drone  
  25  2:19  Overlord  
  25  2:26  Queen  
  27  2:32  Metabolic Boost  
  27  2:35  Drone  
  28  2:38  Zergling x2  
  28  2:39  Zergling x2  
  28  2:42  Drone  
  32  2:44  Drone  
  32  2:49  Drone  
  33  2:55  Queen  
  35  3:00  Overlord  
  35  3:05  Queen  
  35  3:07  Drone  
  35  3:10  Drone  
  35  3:11  Drone  
  40  3:13  Drone  
  40  3:18  Drone  
  42  3:24  Overlord  
  42  3:31  Spore Crawler  
  42  3:32  Drone  
  42  3:35  Drone, Spore Crawler  
  42  3:45  Drone x5  
  47  3:51  Drone  
  47  3:52  Queen  
  47  3:55  Overlord  
  50  4:02  Overlord  
  50  4:05  Lair  
  50  4:09  Overlord  
  50  4:14  Drone x6  
  50  4:15  Extractor x2  
  54  4:17  Drone x2  
  54  4:22  Overlord  
  54  4:23  Drone  
  54  4:24  Drone  
  58  4:32  Drone x2  
  58  4:34  Drone x2  
  58  4:35  Drone x2  
  61  4:42  Drone x3  
  61  4:44  Drone  
  65  4:45  Spore Crawler  
  65  4:46  Drone x2  
  65  4:49  Drone x2  
  65  4:51  Drone  
  69  4:53  Drone  
  69  4:54  Drone  
  71  5:00  Extractor  
  71  5:04  Hydralisk Den  
  71  5:05  Zergling x8  
  73  5:07  Overseer  
  73  5:15  Baneling Nest  
  73  5:17  Overlord  
  73  5:19  Zergling x4  
  73  5:20  Zergling x2  
  75  5:22  Overlord  
  75  5:25  Extractor  
  74  5:30  Overlord  
  74  5:34  Hydralisk x4  
  74  5:35  Grooved Spines  
  82  5:37  Overseer  
  82  5:38  Hydralisk  
  84  5:46  Hydralisk  
  79  5:58  Hydralisk x3  
  79  6:01  Zergling x24  
  94  6:16  Hydralisk x4  
  94  6:17  Overlord  
  102  6:29  Overlord  
  102  6:32  Overlord  
  102  6:33  Overlord  
  102  6:35  Overlord  
  102  6:41  Hydralisk  
  102  6:46  Overlord  
  104  6:50  Zergling x18  
  104  6:53  Baneling x9  
  113  6:58  Baneling x2  
  113  7:00  Zergling x8  
  112  7:14  Baneling x4  
  112  7:15  Zergling x10  
  113  7:24  Hydralisk x2  
  113  7:26  Zergling x4  
  110  7:32  Hydralisk  
  110  7:33  Hydralisk, Zergling x6  
  110  7:35  Hydralisk  
  111  7:37  Zergling x2  
  111  7:44  Zergling x4  

Tags
 
Add a new tag
Caveats
  • Supply blocks, unpowered buildings, or Contaminate may cause inaccurate times.
  • Supply counts are checked every 10 seconds.